 Dungeon Crawl Stone Soup version 0.25.1-2-g60ff931df9 (webtiles) character file.

Game seed: 1459480907953501566

13 Qrupt the Firebug (level 2, 0/27 HPs)
             Began as an Ogre Fire Elementalist on Oct 23, 2020.
             Slain by a jackal (1 damage)
             ... on level 1 of the Dungeon.
             The game lasted 00:01:14 (407 turns).

Qrupt the Firebug (Ogre Fire Elementalist)           Turns: 407, Time: 00:01:15

Health: 0/27       AC:  3    Str: 11    XL:     2   Next: 37%
Magic:  0/5        EV: 10    Int: 16    God:
Gold:   22         SH:  0    Dex:  9    Spells: 5/6 levels left

rFire    . . .     SeeInvis .   (no weapon)
rCold    . . .     Gourm    .   (no shield)
rNeg     . . .     Faith    .   a - +0 robe
rPois    .         Spirit   .   (helmet restricted)
rElec    .         Reflect  .   (no cloak)
rCorr    .         Harm     .   (gloves unavailable)
MR       .....                  (boots unavailable)
Stlth    ++........             (no amulet)
HPRegen  0.09/turn              e - ring of stealth
MPRegen  0.09/turn              (no ring)

@: no status effects
A: large, unfitting armour, tough skin 1
a: no special abilities


You were on level 1 of the Dungeon.
You were not hungry.

You visited 1 branch of the dungeon, and saw 1 of its levels.

You collected 22 gold pieces.

Inventory:

Armour
 a - a +0 robe (worn)
Jewellery
 d - an uncursed amulet of guardian spirit
 e - a ring of stealth (left hand)
Scrolls
 b - a scroll of immolation {unknown}
Comestibles
 c - a ration
 f - a chunk of flesh


   Skills:
 + Level 1.2 Fighting
 - Level 1.7 Dodging
 - Level 1.4 Stealth
 + Level 2.6 Spellcasting
 + Level 1.2 Conjurations
 + Level 2.8 Fire Magic


You had 5 spell levels left.
You knew the following spells:

 Your Spells              Type           Power        Failure   Level  Hunger
a - Foxfire               Conj/Fire      #...         9%          1    #......

Your spell library contained the following spells:

 Spells                   Type           Power        Failure   Level  Hunger
 Conjure Flame            Conj/Fire      #.......     24%         3    ###....
 Inner Flame              Hex/Fire       #.......     32%         3    ###....
 Sticky Flame             Conj/Fire      #.......     63%         4    #####..
 Fireball                 Conj/Fire      #.........   92%         5    ######.


Dungeon Overview and Level Annotations

Branches:
Dungeon (1/15)

Altars:


Innate Abilities, Weirdness & Mutations

You are too large for most types of armour.
You have tough skin. (AC +1)


Message History

* * * LOW HITPOINT WARNING * * *
The jackal bites you.
* * * LOW HITPOINT WARNING * * *
Casting: Foxfire (safe; 9% risk of failure)
Confirm with . or Enter, or press ? or * to list all spells.
You conjure some foxfire!
The jackal bites you but does no damage.
The jackal completely misses you. The jackal closely misses you.
The foxfire hits the jackal.
The jackal is heavily wounded.
The foxfire hits the jackal.
You kill the jackal!
The jackal barely misses you.
Unknown command.
You aren't carrying any potions.
Okay, then.
You aren't carrying any items that you can evoke.
Unknown command.
The jackal bites you.
You die...

#########......# #.............
............÷).#####.............
.......##......#..[..............
.......##......#.....######....##
.......##......#.....##..........
###.#####......(.####........#...
##....# #.....†.§............#...
##....###......h........######...
##.....†...#####@.......# ###...
.#....######............# #.....
.#.....h...#.........#######.####
.#.........#.....###≈≈≈≈≈≈≈≈.≈≈≈≈
####............# #≈####≈≈≈.≈≈≈#
#.........#### #≈# ####'####
#######...# ≈# +.......' #...#
####'#### #...# #.......#


You could see a jackal.

Vanquished Creatures
  3 bats (D:1)
  A giant cockroach (D:1)
  2 hobgoblins (D:1)
  3 jackals (D:1)
  A kobold (D:1)
10 creatures vanquished.

Vanquished Creatures (others)
  44 foxfires (D:1)
44 creatures vanquished.

Grand Total: 54 creatures vanquished

Notes
Turn   | Place    | Note
-------+----------+-------------------------------------------
     0 | D:1      | Qrupt the Ogre Fire Elementalist began the quest for the
                  | Orb.
     0 | D:1      | Reached XP level 1. HP: 16/16 MP: 3/3
    90 | D:1      | Reached skill level 1 in Conjurations
   247 | D:1      | Reached skill level 1 in Fighting
   247 | D:1      | Reached XP level 2. HP: 26/27 MP: 0/5
   404 | D:1      | HP: 1/27 [jackal (3)]
   407 | D:1      | Slain by a jackal

Illustrated notes

Levels and vault maps discovered:
D:1:      heliophobic_arrival_glass_houses, layout_basic

Skill      XL: |  1 |
---------------+----+-----
Conjurations   | 1 |  1.2
Fighting       | 1 |  1.2
Dodging        | |  1.7
Stealth        | |  1.4
Spellcasting   | |  2.6
Fire Magic     | |  2.8

Action                   || total
-------------------------++-------
Melee: Unarmed           ||     1
 Cast: Foxfire           ||    25
Armor: Robe              ||    13
Dodge: Dodged            ||    23
